 Dungeon Crawl Stone Soup version 0.19-a0-1834-g6b7851e (webtiles) character file.

231 Gruud the Ruffian (level 5, -2/38 HPs)
             Began as a Demonspawn Gladiator on Oct 8, 2016.
             Slain by a scorpion (7 damage)
             ... on level 5 of the Dungeon.
             The game lasted 00:07:16 (3469 turns).

Gruud the Ruffian (Demonspawn Gladiator)            Turns: 3469, Time: 00:07:17

Health: -2/38      AC:  4    Str: 15    XL:     5   Next: 73%
Magic:  5/5        EV: 12    Int: 11    God:
Gold:   198        SH:  0    Dex: 13    Spells: 0 memorised, 4 levels left

rFire  . . .     SeeInvis .       - Unarmed
rCold  . . .     Gourm    .     z - +0 leather armour
rNeg   . . .     Faith    .     (no shield)
rPois  .         Spirit   .     (helmet restricted)
rElec  .         Dismiss  .     k - +0 cloak
rCorr  +         Reflect  .     (no gloves)
MR     .....     Harm     .     (no boots)
Stlth  +.........               (no amulet)
                                (no ring)
                                p - ring of resist corrosion

@: lethally poisoned (-2 -> -11)
A: fangs 1, hooves 1, horns 1, evolution 1
a: no special abilities


You were on level 5 of the Dungeon.
You were not hungry.

You visited 1 branch of the dungeon, and saw 5 of its levels.

You collected 198 gold pieces.

Inventory:

Hand Weapons
 b - a +0 long sword
Armour
 k - a +0 cloak (worn)
 z - a +0 leather armour (worn)
Jewellery
 p - a ring of resist corrosion (left hand)
Scrolls
 c - a scroll of enchant weapon {unknown}
 i - a scroll of teleportation
 m - a scroll of noise
 r - a scroll of remove curse
Potions
 e - a potion of resistance
 g - a potion of curing
 n - a potion of mutation
 o - a potion of berserk rage {unknown}
 q - a potion of invisibility {unknown}
 s - a potion of heal wounds {unknown}
Comestibles
 f - 4 bread rations
 h - 4 fruits
 j - 2 royal jellies


   Skills:
 - Level 2.0 Fighting
 - Level 3.2 Long Blades
 - Level 1.7 Throwing
 - Level 2.6 Dodging
 * Level 4.7 Unarmed Combat


You had 4 spell levels left.
You didn't know any spells.

Dungeon Overview and Level Annotations

Branches:
Dungeon (5/15)
 Temple: D:4-7

Altars:
Dithmenos
Elyvilon
Nemelex Xobeh
Ru
Xom
Zin
The Shining One


Innate Abilities, Weirdness & Mutations

You have large cloven feet.
You have a pair of small horns on your head.
You have very sharp teeth.
You evolve.


Message History

The scorpion poisons you!
You barely miss the scorpion.
The scorpion is heavily wounded.
* * * LOW HITPOINT WARNING * * *
You feel sick.
The scorpion stings you but does no damage.
Your leather armour prevents you from hitting the scorpion.
The scorpion is heavily wounded.
* * * LOW HITPOINT WARNING * * *
You feel sick. The scorpion stings you.
* * * LOW HITPOINT WARNING * * *
You barely miss the scorpion. Your kick misses the scorpion.
The scorpion is heavily wounded.
* * * LOW HITPOINT WARNING * * *
You feel sick.
You closely miss the scorpion. Your kick misses the scorpion.
The scorpion is heavily wounded.
* * * LOW HITPOINT WARNING * * *
You feel sick. The scorpion stings you!
You die...

############
#...@s......
##..########
##...#
......##.#
...##.
#.######## .
##.#........#
#..)<.......
########....
...


You could see a scorpion.

Vanquished Creatures
  A hound (D:4)
  An orc wizard (D:4)
  A worker ant (D:4)
  9 adders
  An adder skeleton (D:5)
  2 worms (D:2)
  A leopard gecko (D:2)
  5 orcs
  4 bats
  3 giant cockroaches
  10 goblins
  3 hobgoblins
  2 jackals (D:1)
  A quokka (D:3)
  3 ball pythons
  5 frilled lizards
  4 kobolds
  A rat (D:3)
57 creatures vanquished.

Notes
Turn   | Place    | Note
-------+----------+-------------------------------------------
     0 | D:1      | Gruud the Demonspawn Gladiator began the quest for the Orb.
     0 | D:1      | Reached XP level 1. HP: 16/16 MP: 1/1
   160 | D:1      | Gained mutation: You have large cloven feet. [demonic ancestry]
   160 | D:1      | Reached XP level 2. HP: 19/22 MP: 2/2
   385 | D:1      | Reached skill level 1 in Unarmed Combat
   532 | D:2      | Reached XP level 3. HP: 23/27 MP: 3/3
   561 | D:2      | Reached skill level 2 in Unarmed Combat
  1089 | D:2      | Gained mutation: You have a pair of small horns on your head. [demonic ancestry]
  1089 | D:2      | Reached XP level 4. HP: 21/33 MP: 4/4
  1094 | D:2      | Reached skill level 3 in Unarmed Combat
  1531 | D:2      | Found a sacrificial altar of Ru.
  1871 | D:3      | Gained mutation: Your system is resistant to poisons. (rPois) [potion of mutation]
  1871 | D:3      | Gained mutation: You evolve. [potion of mutation]
  1871 | D:3      | Lost mutation: Your system is resistant to poisons. (rPois) [potion of mutation]
  2214 | D:3      | Found a shimmering altar of Xom.
  2435 | D:3      | Found a shadowy altar of Dithmenos.
  2565 | D:3      | Found a glowing silver altar of Zin.
  2565 | D:3      | Found a white marble altar of Elyvilon.
  2565 | D:3      | Found a glowing golden altar of the Shining One.
  2719 | D:4      | Reached skill level 4 in Unarmed Combat
  2719 | D:4      | Reached XP level 5. HP: 29/38 MP: 5/5
  2962 | D:4      | Gained mutation: You have very sharp teeth. [evolution]
  3291 | D:4      | Found a sparkling altar of Nemelex Xobeh.
  3440 | D:5      | Entered Level 5 of the Dungeon
  3469 | D:5      | Slain by a scorpion

Vault maps used:
D:1:      mrwooster_arrival_statue_2
D:2:      nicolae_ru_the_path_less_chosen, first_bread
D:3:      good_gods_mini_temple, marbit_many_paths,
          lemuel_coloured_pillars_altar, corexii_leaking_fountain
D:4:      lemuel_doored_altar, grunt_decor_cap

Skill      XL: |  1  2  3  4 |
---------------+-------------+-----
Long Blades    | 3 |  3.2
Unarmed Combat | 1 2 4 |  4.7
Fighting       | |  2.0
Throwing       | |  1.7
Dodging        | |  2.6

Action                   |  1- 3 |  4- 6 || total
-------------------------+-------+-------++-------
Melee: Long sword        |   101 |    58 ||   159
       Kick              |    17 |    31 ||    48
       Punch             |     2 |     2 ||     4
       Headbutt          |       |    28 ||    28
       Unarmed           |       |    82 ||    82
       Bite              |       |     1 ||     1
Throw: Throwing net      |     3 |     2 ||     5
  Use: Scroll            |       |     7 ||     7
       Potion            |       |     3 ||     3
 Stab: Held in net/web   |     4 |     3 ||     7
       Sleeping          |       |     1 ||     1
  Eat: Chunk             |     1 |     7 ||     8
Armor: Leather armour    |    28 |    30 ||    58
Dodge: Dodged            |    82 |   102 ||   184
       Rpst.: Long sword |    27 |    26 ||    53
